Unix NetHack Version 5.0.0-0 post-release - last build Jun 10 2026 00:39:30 (3ee93aec679c4c4259841fe613dc97188e26a321,branch:main).

Game began 2026-06-25 12:02:52, ended 2026-06-25 12:37:23.

ARFwashere, chaotic male human Barbarian

           ---------------------------------------------------    ----
           |..|-.|.--.--......%......*.......................|    |..|    ---
           |..|..........----------#------------#-----------.--   |..|  ---.--
          ---.|-.........#.0      ...       .  ...         |..|   --.|  |....|
          |...||...--....|.-     ---.----   . -----        |..|    |.-- |....|
          |.|.---..----..| |        .|...   .              |..|  ---..---...-|
          |.|..-|........|           |.._.  .    |   |     |%-----...........|
          |.|-..|...----.|            ....  .|   |....   |0|e---.............|
        ---.|--.....|--|.|  -+--      ....  .-     0....%oo'@...............--
   ------...|--.>----..|.|  ...      --...--..      --- -- |.------.........|
   |...|..----.[-- |.....| ..        .......{              |.|     .......---
   |......|--...|  --....| .          .......              |.|    .......--
   ----..-|...|.|   |.--.|.-          -......            | |.|    -..<*..|
      ----|.--|.|   ---|.#.|          |......            |.|.|    |.....-|
          |..-|.|      |.|.|          .......|           |.#.|    ----...|
         --...|.--     |.| |           ......|           |.|.|       |..--
         |.......|     |.|              .....-           - |.|       ----
         --......|     |.|                ...              |)|
          ----..--     |.------------------#----------------.|
             |..|      |............*.......)............)...|
             ----      ---------------------------------------
ARFwashere the Bandit      St:25 Dx:17 Co:18 In:9 Wi:7 Ch:7  Chaotic
Dlvl:5  $:491 HP:0(64) Pw:10(10) AC:-3 Xp:6 T:3592 

Latest messages:
 The straw golem hits again!
 The orc-captain shoots 2 poisoned orcish arrows!
 The 1st poisoned orcish arrow hits the orc-captain!
 The poison doesn't seem to affect the orc-captain.
 The 2nd poisoned orcish arrow hits the orc-captain!
 The poison doesn't seem to affect the orc-captain.
 The orc-captain shoots 2 poisoned orcish arrows!
 The 1st poisoned orcish arrow hits the orc-captain.
 The poison doesn't seem to affect the orc-captain.
 The orc-captain is killed!
 The 2nd poisoned orcish arrow hits the straw golem.
 The poison doesn't seem to affect the straw golem.
 The straw golem misses!
 The straw golem misses!
 The straw golem hits!
 The straw golem misses!
 Uakhaakh of Baneogakh throws an orcish dagger!
 The orcish dagger hits the coyote.
 The straw golem misses!
 The straw golem misses!
 The orc-captain shoots 2 poisoned orcish arrows!
 The 1st poisoned orcish arrow hits the little dog.
 The little dog is killed!
 The 2nd poisoned orcish arrow hits Uakhaakh of Baneogakh!
 The poison doesn't seem to affect Uakhaakh of Baneogakh.
 The straw golem hits!
 The straw golem hits again!
 Uakhaakh of Baneogakh picks up an orcish dagger.
 The straw golem hits!
 The straw golem hits again!
 Uakhaakh of Baneogakh wields an orcish dagger!
 The straw golem hits!
 The straw golem hits again!
 The straw golem hits!
 The straw golem hits again!
 Uakhaakh of Baneogakh throws an orcish dagger!
 The orcish dagger hits the straw golem.
 The straw golem hits!
 The straw golem just misses!
 The straw golem hits!
 The straw golem just misses!
 Uakhaakh of Baneogakh picks up a poisoned orcish arrow.
 The straw golem misses!
 The straw golem hits!
 You die...
 Do you want your possessions identified? [ynq] (y) n
 Do you want to see your attributes? [ynq] (y) n
 Do you want an account of creatures vanquished? [ynaq] (y) n
 Do you want to see your conduct and achievements? [ynq] (y) n
 Do you want to see the dungeon overview? [ynq] (y) n

Inventory:
 Coins    ('$')
  $ - 491 gold pieces
 Weapons  (')')
  Q - 13 +0 darts (at the ready)
  b - a blessed +0 axe
  a - a +0 two-handed sword (weapon in hands)
 Armor    ('[')
  V - an uncursed +0 dwarvish iron helm (being worn)
  X - a cursed +0 pair of gauntlets of power (being worn)
  o - an uncursed +0 pair of iron shoes (being worn)
  p - an uncursed +2 dwarvish cloak (being worn)
  U - an uncursed +0 dwarvish mithril-coat (being worn)
 Comestibles  ('%')
  O - a cursed slime mold
  W - 2 uncursed cloves of garlic
  e - an uncursed cram ration
  d - 2 uncursed food rations
  M - an uncursed fortune cookie
  F - a cursed pancake
 Scrolls  ('?')
  H - an uncursed scroll of blank paper
  P - an uncursed scroll of teleportation
 Potions  ('!')
  y - 2 uncursed potions of healing
  n - a cursed potion of healing
  k - an uncursed potion of invisibility
  w - a cursed potion of levitation
  T - an uncursed potion of object detection
  C - 2 uncursed potions of paralysis
  x - an uncursed potion of restore ability
  v - an uncursed potion of water
 Rings    ('=')
  K - an uncursed ring of protection from shape changers
  s - an uncursed ring of regeneration
 Wands    ('/')
  t - a wand of digging (0:3)
  r - a wand of striking (0:0)
 Tools    ('(')
  L - a bag of tricks (0:12)
  l - an uncursed oil lamp
  N - an uncursed tallow candle
  G - an uncursed tin whistle

ARFwashere the Barbarian's attributes:

Background:
 You were a Bandit, a level 6 male human Barbarian.
 You were chaotic, on a mission for Set
 who was opposed by Mitra (lawful) and Crom (neutral).
 You were right-handed.
 You were in the Gnomish Mines, on level 5.
 You entered the dungeon 3592 turns ago.
 You had 535 experience points, 105 more were needed to attain level 7.

Basics:
 You had 0 out of 64 hit points.
 You had all 10 energy points (spell power).
 Your armor class was -3.
 Your wallet contained 491 zorkmids.
 Autopickup was on for '$' plus thrown.

Final Characteristics:
 Your strength was 25 (base:18, innate limit:18/100).
 Your dexterity was 17 (limit:18).
 Your constitution was 18 (limit:18).
 Your intelligence was 9 (limit:18).
 Your wisdom was 7 (limit:18).
 Your charisma was 7 (limit:18).

Final Status:
 You weren't hungry.
 You were unencumbered.
 You were wielding a two-handed sword.
 You had basic skill with two-handed sword and could have enhanced that.

Final Attributes:
 You were piously aligned.
 Your items were somewhat protected from fire.
 Your items were somewhat protected from cold.
 You were poison resistant.
 You were telepathic.
 You were guarded.
 You are dead.

Miscellaneous:
 You didn't encounter any bones levels.
 Total elapsed playing time was 34 minutes and 26 seconds.

Major events:
 Turn
    1: ARFwashere the chaotic male human Barbarian entered the dungeon
  707: attained the rank of Pillager (level 3)
  970: entered the Gnomish Mines
 2665: attained the rank of Bandit (level 6)
 2955: reached Mine Town
 3592: killed by a straw golem, while frozen by a floating eye's gaze

You didn't know any spells.

Skills:
 Fighting Skills
   bare handed combat [Basic]
   two weapon combat  [Unskilled]
   riding             [Unskilled]
 Weapon Skills
   dagger             [Unskilled]
   axe                [Basic]
   pick-axe           [Unskilled]
   short sword        [Unskilled]
   broadsword         [Unskilled]
   long sword         [Unskilled]
   two-handed sword   [Basic]
   saber              [Unskilled]
   club               [Unskilled]
   mace               [Unskilled]
   morning star       [Unskilled]
   flail              [Unskilled]
   hammer             [Unskilled]
   quarterstaff       [Unskilled]
   spear              [Unskilled]
   trident            [Unskilled]
   bow                [Unskilled]
 Spellcasting Skills
   attack spells      [Unskilled]
   escape spells      [Unskilled]

Voluntary challenges:
 Character rerolling was not enabled.
 You never genocided any monsters.
 You never polymorphed an object.
 You never changed form.
 You used no wishes.
Achievements:
 You attained the rank of Pillager.
 You entered a shop.
 You entered the Gnomish Mines.
 You attained the rank of Bandit.
 You entered Minetown.

 The Dungeons of Doom: levels 1 to 3
    Level 1:
    Level 2:
       A general store, an altar to Set, some sinks.
       Stairs down to The Gnomish Mines.
    Level 3:
 The Gnomish Mines: levels 3 to 6
    Level 3:
    Level 4:
    Level 5: <- You were here.
       An altar, a fountain.
       Final resting place for
          you, killed by a straw golem, while frozen by a floating eye's gaze.
    Level 6:


Vanquished creatures:
 an orc-captain
  a wood nymph
  2 Mordor orcs
  a fog cloud
  5 gnome leaders
  a giant ant
  2 little dogs
  2 floating eyes
  7 dwarves
  a homunculus
  a kobold leader
  a hill orc
  a monkey
  a werejackal
  2 iguanas
  a coyote
  2 hobbits
  a large kobold
  a brown mold
  a green mold
 21 gnomes
  a gnome zombie
 10 geckos
  6 jackals
  a fox
  a kobold
  3 goblins
  2 sewer rats
  3 grid bugs
  2 bats
  3 lichens
  a kobold zombie
  5 newts
94 creatures vanquished.

No species were genocided or became extinct.

Game over:
                       ----------
                      /          \
                     /    REST    \
                    /      IN      \
                   /     PEACE      \
                  /                  \
                  |    ARFwashere    |
                  |      491 Au      |
                  |   killed by a    |
                  |   straw golem    |
                  |                  |
                  |                  |
                  |       2026       |
                 *|     *  *  *      | *
        _________)/\\_//(\/(/\)/\//\/|_)_______

Goodbye ARFwashere the Barbarian...

You died in The Gnomish Mines on dungeon level 5 with 2882 points,
and 491 pieces of gold, after 3592 moves.
You were level 6 with a maximum of 64 hit points when you died.

